 Dungeon Crawl Stone Soup version 0.29.0-15-g675c0067aa (webtiles) character file.

Game seed: 11776312724815688813

161 Ordine the Slasher (level 5, 0/33 HPs)
             Began as a Tengu Monk on Sept 11, 2022.
             Succumbed to an orc wizard's poison
             ... on level 6 of the Dungeon.
             The game lasted 00:05:22 (3798 turns).

Ordine the Slasher (Tengu Monk)                     Turns: 3798, Time: 00:05:23

Health: 0/33       AC:  2    Str: 11    XL:     5   Next: 42%
Magic:  6/6        EV: 16    Int: 11    God:
Gold:   114        SH:  0    Dex: 18    Spells: 4/4 levels left

rFire   . . .      SeeInvis .   a - +0 falchion
rCold   . . .      Faith    .   (no shield)
rNeg    . . .      Spirit   .   b - +0 robe
rPois   .          Reflect  .   (helmet restricted)
rElec   .          Harm     .   (no cloak)
rCorr   .          Rampage  .   (no gloves)
Will    .....                   (boots unavailable)
Stlth   ++........              (no amulet)
HPRegen 0.11/turn               (no ring)
MPRegen 0.10/turn               (no ring)

@: lethally poisoned (0 -> -14), flying quickly and evasively, hasted, very
quick
A: beak, talons 3, nimble flight
a: no special abilities


You were on level 6 of the Dungeon.
You visited 1 branch of the dungeon, and saw 4 of its levels.

You collected 114 gold pieces.

Inventory:

Hand Weapons
 a - a +0 falchion (weapon)
Armour
 b - a +0 robe (worn)
Jewellery
 f - a +6 ring of intelligence
Scrolls
 e - a scroll of identify {unknown}
 g - a scroll of teleportation {unknown}
 h - a scroll of amnesia {unknown}
 i - 3 scrolls of vulnerability {unknown}
 k - a scroll of immolation {unknown}
 m - 2 scrolls of poison {unknown}
 n - a scroll of magic mapping {unknown}
Potions
 c - a potion of ambrosia
 d - a potion of haste
 j - a potion of flight
 l - a potion of attraction {unknown}
 o - a potion of curing {unknown}
 p - a potion of degeneration {unknown}
 q - a potion of might {unknown}


   Skills:
 + Level 4.1 Fighting
 * Level 5.7 Long Blades
 - Level 3.2 Dodging
 - Level 2.0 Stealth


You had 4 spell levels left.
You didn't know any spells.
Your spell library contained the following spells:

 Spells                   Type           Power      Damage    Failure   Level
 Sublimation of Blood     Necr           0%         N/A       47%         2
 Wereblood                Tmut           0%         N/A       47%         2
 Petrify                  Tmut/Erth      0%         N/A       98%         4
 Metabolic Englaciation   Hex/Ice        0%         N/A       100%        5
 Statue Form              Tmut/Erth      0%         N/A       100%        6
 Summon Hydra             Summ           0%         N/A       100%        7


Dungeon Overview and Level Annotations

Branches:
Dungeon (3/15)

Altars:


Innate Abilities, Weirdness & Mutations

You have a beak for a mouth.
You have claws for feet.
Your magical nature lets you fly swiftly and evasively.


Message History

You hit the orc wizard but do no damage.
You claw the orc wizard. Your peck misses the orc wizard.
The orc wizard is moderately wounded.
The orc wizard casts a spell.
The orc wizard flickers and vanishes!
Deactivating autopickup; reactivate with Ctrl-A.
You barely miss something. Something hits you.
You hit something. Your kick misses something. Something hits you.
You are poisoned.
You closely miss something. Your kick misses something.
Your punch misses something.
You feel sick.
You hear some strange, mumbled words.
A magic dart appears from out of thin air!
The magic dart hits you.
You barely miss something. Your kick misses something.
You feel sick. Something hits you.
You hit something.
You feel sick. Something hits you.
You are more poisoned.
You miss something. You claw something. Your peck misses something.
You feel very sick.
You hear some strange, mumbled words.
A puff of flame appears from out of thin air!
The puff of flame misses you.
You barely miss something. Your kick misses something.
Your peck misses something.
You feel very sick. Something hits you.
You are lethally poisoned!
You are too injured to fight recklessly!
You are too injured to fight recklessly!
It was a potion of haste.
You feel yourself speed up.
* * * LOW HITPOINT WARNING * * *
You feel very sick.
You hear some strange, mumbled words.
A magic dart appears from out of thin air!
The magic dart hits you.
* * * LOW HITPOINT WARNING * * *
It was a potion of flight.
You feel more buoyant.
You die...

##### #...
########.####...
#?ooo{@........#
...######.######
#.# #.# ..# #.##
#. [. .#


You could see 3 orcs.

Vanquished Creatures
  Natasha (thrice) (D:2)
  2 adders (D:2)
  A worm (D:2)
  5 dart slugs (D:2)
  5 orcs
  6 ball pythons
  5 endoplasms (D:1)
  A giant cockroach (D:1)
  4 goblins
  2 hobgoblins (D:2)
  3 jackals (D:3)
  3 quokkas
  2 bats (D:1)
  6 frilled lizards
  3 kobolds (D:2)
  2 rats (D:2)
53 creatures vanquished.

Notes
Turn   | Place    | Note
-------+----------+-------------------------------------------
     0 | D:1      | Ordine the Tengu Monk began the quest for the Orb.
     0 | D:1      | Reached XP level 1. HP: 14/14 MP: 2/2
   425 | D:1      | Reached XP level 2. HP: 17/19 MP: 3/3
   797 | D:1      | Reached skill level 4 in Long Blades
  1146 | D:2      | Identified the +0 robe of Rolinayff {rN+}
  1156 | D:2      | Reached XP level 3. HP: 21/23 MP: 4/4
  1451 | D:2      | Reached XP level 4. HP: 24/28 MP: 5/5
  1782 | D:2      | Found a faded altar of an unknown god.
  1876 | D:2      | Noticed Natasha
  1885 | D:2      | Killed Natasha
  1886 | D:2      | Reached skill level 5 in Long Blades
  2184 | D:2      | Noticed Natasha
  2194 | D:2      | Killed Natasha
  2195 | D:2      | Gained mutation: Your magical nature lets you fly swiftly
                  | and evasively. [Tengu growth]
  2195 | D:2      | Reached XP level 5. HP: 18/33 MP: 6/6
  3098 | D:2      | Noticed Natasha
  3110 | D:2      | Killed Natasha
  3782 | D:3      | You are sucked into a shaft and drop 3 floors!
  3798 | D:6      | Succumbed to an orc wizard's poison

Illustrated notes

Levels and vault maps discovered:
D:1:      heliophobic_arrival_battle_scene, layout_basic
D:2:      layout_rooms, ebering_ecumenical_altar_hall,
          chequers_serial_rivers_small_a, uniq_natasha
D:3:      layout_loops_ring
D:6:      layout_rooms, lemuel_tele_altar, grunt_ministairs_6,
          uniq_prince_ribbit1, uniq_maggie

Skill      XL: |  1  2  3  4 |
---------------+-------------+-----
Long Blades    | 4 5 |  5.7
Fighting       | 4 |  4.1
Dodging        | |  3.2
Stealth        | |  2.0

Action                   |  1- 3 |  4- 6 || total
-------------------------+-------+-------++-------
Melee: Falchion          |    65 |    63 ||   128
       Kick              |    14 |    19 ||    33
       Peck              |    14 |     4 ||    18
       Punch             |     1 |     1 ||     2
  Use: Potion            |       |     2 ||     2
 Stab: Sleeping          |     4 |     1 ||     5
Armor: Robe              |    10 |     4 ||    14
Dodge: Dodged            |    39 |    46 ||    85
